 Dungeon Crawl Stone Soup version 0.25-a0-44-g29a1220a87 (webtiles) character file.

Game seed: 8650371537004433964, levelgen mode: deterministic

2439 Goblin1989 the Changer (level 9, -12/66 HPs)
             Began as a Demonspawn Transmuter on Oct 25, 2019.
             Was a Follower of Sif Muna.
             Mangled by a cyclops (29 damage)
             ... on level 8 of the Dungeon.
             The game lasted 00:18:23 (10353 turns).

Goblin1989 the Changer (Demonspawn Transmuter)     Turns: 10353, Time: 00:18:24

Health: -12/66     AC:  5    Str: 10    XL:     9   Next: 25%
Magic:  5/12       EV: 14    Int: 21    God:    Sif Muna [*.....]
Gold:   211        SH:  4    Dex: 14    Spells: 2/12 levels left

rFire    + . .     SeeInvis .     - Unarmed
rCold    . . .     Gourm    .   (no shield)
rNeg     . . .     Faith    +   y - +0 robe {Archmagi}
rPois    .         Spirit   .   A - +1 helmet {Int+3}
rElec    .         Reflect  .   (no cloak)
rCorr    .         Harm     .   s - +0 pair of gloves
MR       .....                  (no boots)
Stlth    +.........             n - amulet of faith {!P}
HPRegen  0.21/turn              l - ring of flight (curse)
MPRegen  0.13/turn              (no ring)

@: marked, very slightly contaminated
A: talons 1, large bone plates 1, demonic guardian 1, fire resistance 1
a: Channel Magic, Renounce Religion, Evoke Flight


You were on level 8 of the Dungeon.
You worshipped Sif Muna.
Sif Muna was aware of your devotion.
You were not hungry.

You visited 1 branch of the dungeon, and saw 8 of its levels.

You collected 420 gold pieces.
You spent 209 gold pieces at shops.

Inventory:

Missiles
 a - 146 arrows
Armour
 s - a +0 pair of gloves (worn)
 y - a +0 robe of the Archmagi (worn)
 A - a +1 helmet of intelligence (worn)
 B - the +0 helmet of the Trees {rElec rPois Str-5 Stlth+}
   (You bought it in a shop on level 6 of the Dungeon)

   It affects your strength (-5).
   It insulates you from electricity.
   It protects you from poison.
   It makes you more stealthy.
 G - a +0 pair of boots
 M - +0 steam dragon scales
 Q - a +0 pair of boots
Jewellery
 l - a cursed ring of flight (left hand)
 n - an amulet of faith (around neck) {!P}
 D - an uncursed amulet of magic regeneration
Wands
 z - a wand of iceblast (10) {@v4}
 I - a wand of flame (56) {@v6}
Scrolls
 h - 9 scrolls of remove curse {unknown}
 j - 9 scrolls of identify {unknown}
 k - a scroll of amnesia {unknown}
 m - 5 scrolls of teleportation {unknown}
 x - 3 scrolls of magic mapping {unknown}
 E - a scroll of fog {unknown}
 F - a scroll of enchant weapon {unknown}
Potions
 f - 4 potions of heal wounds {unknown}
 i - a potion of cancellation {unknown}
 o - 2 potions of resistance {@q6}
 p - 3 potions of ambrosia {unknown}
 q - 2 potions of agility {unknown}
 t - a potion of berserk rage {unknown}
 u - a potion of flight {unknown}
 v - a potion of curing {unknown}
 w - 3 potions of degeneration {unknown}
 H - a potion of haste {unknown}
 K - 2 potions of lignification {unknown}
 O - a potion of brilliance {unknown}
Comestibles
 e - 10 rations
 P - 6 chunks of flesh


   Skills:
 + Level 4.7 Fighting
 + Level 4.6 Dodging
 * Level 6.7 Unarmed Combat
 - Level 2.0 Spellcasting
 + Level 7.6 Transmutations


You had 2 spell levels left.
You knew the following spells:

 Your Spells              Type           Power        Failure   Level  Hunger
a - Beastly Appendage     Tmut           ######       1%          1    #......
b - Sticks to Snakes      Tmut           ######..     1%          2    ##.....
c - Spider Form           Tmut/Pois      ####......   10%         3    ###....
d - Ice Form              Ice/Tmut       ####....     30%         4    #####..

Your spell library contained the following spells:

 Spells                   Type           Power        Failure   Level  Hunger
 Blade Hands              Tmut           ######....   19%         5    ######.


Dungeon Overview and Level Annotations

Branches:
Dungeon (8/15)             Temple (0/1) D:6            Lair (0/6) D:8

Altars:
Ashenzari
Kikubaaqudgha
Nemelex Xobeh
Sif Muna
Trog
Uskayaw
Wu Jian
Yredelemnul

Shops:
D:6 [   D:7 :

Annotations:
D:2 Sigmund
D:4 3 runed translucent doors, emiel's ghost, amateur FoVM; pk666's ghost, amateur DEWz
D:5 exclusion: door
D:8 2 transporters


Innate Abilities, Weirdness & Mutations

You have sharp toenails.
You are partially covered in large bone plates. (SH +4)
A weak demonic guardian rushes to your aid.
Your flesh is heat resistant. (rF+)


Message History

Your quasit misses the hound. x2; Your quasit barely misses the hound.
The hound barely misses you.
The cyclops throws a large rock.
The large rock hits your quasit!!
Your quasit dies!
Unknown command.
You bite the hound!
The hound looks as sick as possible!
The hound is severely wounded.
The hound misses you.
Unknown command.
You hit the hound.
You kill the hound!
Sif Muna accepts your kill.
Unknown command.
You see here a large rock {!d, @Q4}.
Unknown command.
An ogre comes into view. It is wielding a +0 giant spiked club.
Unknown command.
You hit the cyclops but do no damage.
The cyclops is poisoned.
The cyclops closely misses you.
Your ufetubus barely misses the cyclops. x2
Unknown command.
You hit the cyclops but do no damage.
The cyclops looks even sicker.
Your ufetubus hits the cyclops but does no damage. x2
Unknown command.
You bite the cyclops!
The cyclops is moderately wounded.
Your ufetubus hits the cyclops. x2; The cyclops hits you.
You take 6 damage, and have 49/66 hp.
Unknown command.
Unknown command.
You hit the cyclops.
The cyclops looks as sick as possible!
The cyclops is moderately wounded.
Your ufetubus hits the cyclops but does no damage.
Your ufetubus hits the cyclops. The cyclops misses you.
Unknown command.
You hit the cyclops but do no damage.
The cyclops looks as sick as possible!
The cyclops is heavily wounded.
Your transformation has ended.
Your +1 helmet of intelligence unmelds from your body.
Your +0 pair of gloves unmelds from your body.
Your +0 robe of the Archmagi unmelds from your body.
You feel clever.
You feel powerful.
Your ufetubus hits the cyclops. x2
Your ufetubus hits the cyclops but does no damage. x2
MP restored: 12 You hit the cyclops.
You claw the cyclops, but do no damage.
The cyclops is severely wounded.
The cyclops hits you.
Your ufetubus hits the cyclops but does no damage.
Your ufetubus hits the cyclops.
The ogre hits you with a +0 giant spiked club!!
You take 18 damage, and have 31/66 hp.
MASSIVE DAMAGE!!
You are too injured to fight recklessly!
Unknown command.
You are too injured to fight recklessly!
Unknown command.
You are too injured to fight recklessly!
Unknown command.
Casting: Spider Form (safe; 10% risk of failure)
Confirm with . or Enter, or press ? or * to list all spells.
You feel a surge of power!
You turn into a venomous arachnid creature.
Your +1 helmet of intelligence melds into your body.
Your +0 pair of gloves melds into your body.
Your +0 robe of the Archmagi melds into your body.
You feel stupid.
You feel strangely numb.
Your ufetubus hits the cyclops but does no damage.
Your ufetubus hits the cyclops. The cyclops hits your ufetubus!
Your ufetubus dies!
You now have 9/12 mp.
You are too injured to fight recklessly!
Unknown command.
You are too injured to fight recklessly!
Unknown command.
You are too injured to fight recklessly!
Unknown command.
Casting: Spider Form (safe; 28% risk of failure)
Confirm with . or Enter, or press ? or * to list all spells.
Your transformation has ended.
Your +1 helmet of intelligence unmelds from your body.
Your +0 pair of gloves unmelds from your body.
Your +0 robe of the Archmagi unmelds from your body.
You feel clever.
You feel powerful.
You have no appropriate body parts free.
The ogre hits you with a +0 giant spiked club!
* * * LOW HITPOINT WARNING * * *
Firing (i - inventory) No suitable missiles.
Press: ? - help, Shift-Dir - straight line
Okay, then.
You take 14 damage, and have 17/66 hp.
MASSIVE DAMAGE!!
You now have 8/12 mp.
You see here a hound corpse.
Casting: Beastly Appendage (safe; 1% risk of failure)
Confirm with . or Enter, or press ? or * to list all spells.
You feel a surge of power!
You miscast Spider Form.
You are very lightly contaminated with residual magic.
You feel faint for a moment. The ogre completely misses you.
The cyclops hits you!!
You die...

....██....██.........©██.
..........█...........███
..........█.........[.█..
.......?).█...........██?
.....≡≡≡.██...........██
≡≡█⌂█≡≡█≡.██...██.......█
≡.....≡≡≡..█...████████..
.......C(.(█....█ ███
.......O@..█....█
█...██....██....█
██...██....████..████████
▲..............).█......█
█...█....██....██....█......█
█...█....██....██....∆.....██
█...██..........∆....█......█
████...██.........███████.....██
.......██...██....██...██████∆██


You could see a cyclops and an ogre.

Vanquished Creatures
  A komodo dragon (D:8)
  2 hippogriffs (D:7)
  A steam dragon (D:7)
  An ice beast (D:6)
  An orc warrior (D:7)
  2 ogres
  A phantom (D:4)
  3 centaurs
  2 big kobolds
  A bullfrog (D:8)
  2 howler monkeys (D:5)
  2 hounds
  A centaur zombie (D:6)
  An orc priest (D:6)
  A gnoll shaman (D:7)
  2 iguanas
  An orc wizard (D:6)
  5 worker ants
  2 hound skeletons (D:4)
  6 adders
  4 gnolls (D:7)
  An ooze (D:3)
  3 worms
  5 leopard geckos
  9 orcs
  2 ball pythons (D:2)
  A bat zombie (D:3)
  8 goblins
  5 hobgoblins
  8 jackals
  12 kobolds
  A quokka (D:3)
  7 bats
  A frilled lizard (D:4)
  A jackal skeleton (D:4)
  A leopard gecko skeleton (D:6)
  A quokka zombie (D:5)
  5 rats
  A rat zombie (D:3)
114 creatures vanquished.

Vanquished Creatures (collateral kills)
  2 ogres
  A centaur (D:8)
  A bullfrog (D:6)
  2 wights
  A hound (D:7)
  2 orc wizards (D:6)
  A worker ant zombie (D:8)
  An adder (D:5)
  A shadow imp (D:7)
  A giant cockroach (D:7)
13 creatures vanquished.

Vanquished Creatures (others)
  4 plants (D:8)
4 creatures vanquished.

Grand Total: 131 creatures vanquished

Notes
Turn   | Place    | Note
-------+----------+-------------------------------------------
     0 | D:1      | Goblin1989 the Demonspawn Transmuter began the quest for
                  | the Orb.
     0 | D:1      | Reached XP level 1. HP: 15/15 MP: 3/3
    38 | D:1      | Reached skill level 2 in Transmutations
   322 | D:1      | Gained mutation: You are partially covered in large bone
                  | plates. (SH +4) [demonic ancestry]
   322 | D:1      | Reached XP level 2. HP: 8/21 MP: 5/5
   980 | D:2      | Found a bloodstained altar of Trog.
   981 | D:2      | Found a basalt altar of Yredelemnul.
   981 | D:2      | Found a hide-covered altar of Uskayaw.
  1120 | D:2      | Reached skill level 3 in Transmutations
  1415 | D:2      | Noticed Sigmund
  1451 | D:2      | Reached XP level 3. HP: 22/26 MP: 6/6
  1732 | D:2      | Learned a level 2 spell: Sticks to Snakes
  2709 | D:3      | Reached skill level 4 in Transmutations
  2709 | D:3      | Gained mutation: Your flesh is heat resistant. (rF+)
                  | [demonic ancestry]
  2709 | D:3      | Reached XP level 4. HP: 22/32 MP: 5/7
  3631 | D:3      | Learned a level 3 spell: Spider Form
  4026 | D:3      | Found an ancient bone altar of Kikubaaqudgha.
  4295 | D:4      | Noticed a phantom
  4337 | D:4      | Noticed an ogre
  4641 | D:4      | Gained mutation: A weak demonic guardian rushes to your
                  | aid. [demonic ancestry]
  4641 | D:4      | Reached XP level 5. HP: 31/37 MP: 8/8
  4694 | D:4      | Noticed an ogre
  4701 | D:4      | Killed an ogre
  4701 | D:4      | Reached skill level 5 in Transmutations
  5273 | D:4      | Found a runed translucent gate.
  5273 | D:4      | Found a runed translucent gate.
  5273 | D:4      | Found a runed translucent gate.
  5274 | D:4      | Noticed emiel's ghost (amateur FoVM)
  5335 | D:4      | Killed an ogre
  5335 | D:4      | Reached skill level 6 in Transmutations
  5335 | D:4      | Reached XP level 6. HP: 43/43 MP: 5/9
  5868 | D:4      | Noticed pk666's ghost (amateur DEWz)
  5912 | D:5      | Entered Level 5 of the Dungeon
  6328 | D:5      | Reached XP level 7. HP: 49/49 MP: 5/10
  6429 | D:5      | Found a shimmering blue altar of Sif Muna.
  6437 | D:5      | Became a worshipper of Sif Muna the Loreminder
  6735 | D:5      | Found a sparkling altar of Nemelex Xobeh.
  6863 | D:6      | Found Wuanai Qose's Antique Armour Shoppe.
  6873 | D:6      | Bought a slimy helmet for 209 gold pieces
  6883 | D:6      | Identified the +0 helmet of the Trees {rElec rPois Str-5
                  | Stlth+} (You bought it in a shop on level 6 of the Dungeon)
  7369 | D:5      | HP: 2/50 [wight/cursed +4 battleaxe of freezing (3)]
  7674 | D:6      | Found a staircase to the Ecumenical Temple.
  8115 | D:6      | Learned a level 4 spell: Ice Form
  8485 | D:7      | Reached XP level 8. HP: 58/58 MP: 7/11
  8643 | D:7      | Found Alucloyk's Book Boutique.
  8852 | D:7      | Noticed a hippogriff
  8862 | D:7      | Killed a hippogriff
  8862 | D:7      | Reached skill level 5 in Unarmed Combat
  9204 | D:7      | Found an ornate altar of the Wu Jian Council.
  9292 | D:7      | Reached skill level 7 in Transmutations
  9298 | D:7      | Noticed a hippogriff
  9311 | D:7      | Killed a hippogriff
  9314 | D:7      | Reached * piety under Sif Muna
  9915 | D:8      | Gained mutation: You have sharp toenails. [demonic
                  | ancestry]
  9915 | D:8      | Reached XP level 9. HP: 48/66 MP: 9/12
 10080 | D:8      | Found a transporter.
 10095 | D:8      | Found a transporter.
 10140 | D:8      | Found a staircase to the Lair.
 10141 | D:8      | Noticed a komodo dragon
 10217 | D:8      | Killed a komodo dragon
 10319 | D:8      | Found a shattered altar of Ashenzari.
 10333 | D:8      | Noticed a cyclops
 10353 | D:8      | Mangled by a cyclops

Levels and vault maps discovered:
D:1:      sevenhm_arrival_forest_fort_small_3, layout_basic,
          chequers_serial_rivers_large_a, st_stairs_3, minmay_misc_feat_hallway
D:2:      layout_basic, grunt_temple_overflow_open, uniq_sigmund
D:3:      layout_rooms, lemuel_zombie_altar_kikubaaqudgha
D:4:      layout_loops_ring, gammafunk_ghost_cemetery
D:5:      layout_gridville, led_sif_book, nemelex_xobeh_ov_fountains_minmay,
          first_ration
D:6:      layout_rooms, minmay_temple_entry_trees, serial_shops, shop,
          nicolae_zen_rock_garden
D:7:      minmay_octagon_keep, layout_basic, lemuel_coloured_pillars_altar,
          serial_shops, shop_fountains
D:8:      gammafunk_jiyva_shrine, layout_gridville, lemuel_crystal_altar,
          cheibrodos_ashenzari_chains, david_lair_shrubbed

Skill      XL: |  1  2  3  4  5  6  7  8 |
---------------+-------------------------+-----
Transmutations | 2 3 4 6 7 |  7.6
Dodging        | 2 3 4 |  4.6
Unarmed Combat | 3 4 6 |  6.7
Fighting       | 3 4 |  4.7
Spellcasting   | |  2.0

Action                   |  1- 3 |  4- 6 |  7- 9 || total
-------------------------+-------+-------+-------++-------
Melee: Unarmed           |   139 |   246 |   211 ||   596
       Punch             |     3 |     2 |       ||     5
       Headbutt          |     9 |     2 |       ||    11
       Kick              |     1 |     2 |     8 ||    11
 Cast: Beastly Appendage |     9 |     7 |     2 ||    18
       Spider Form       |       |    13 |    22 ||    35
Evoke: Wand              |       |       |     6 ||     6
 Stab: Sleeping          |     1 |     1 |       ||     2
       Distracted        |       |       |     9 ||     9
  Eat: Chunk             |     4 |     5 |    12 ||    21
       Ration            |       |     3 |     1 ||     4
Armor: Robe              |    37 |    25 |    11 ||    73
       Skin              |       |     2 |     6 ||     8
Dodge: Dodged            |   109 |   167 |   203 ||   479
Block: Other             |    21 |    26 |    14 ||    61

Table legend:
 A = Non-vault XP
 B = Vault XP
 C = Vault XP percentage of total XP
 D = Non-vault monster count
 E = Vault monster count
 F = Vault count percentage of total count
                 A         B        C        D         E       F
            +---------+---------+-------+---------+---------+-------
      Total |    2447 |    1038 |  29.8 |     113 |      14 |  11.0
            +---------+---------+-------+---------+---------+-------
        D:1 |      16 |       4 |  20.0 |       9 |       2 |  18.2
        D:2 |      63 |       0 |   0.0 |      19 |       0 |   0.0
        D:3 |      85 |       3 |   3.4 |      22 |       2 |   8.3
        D:4 |     441 |       0 |   0.0 |      11 |       0 |   0.0
        D:5 |     244 |       0 |   0.0 |      10 |       0 |   0.0
        D:6 |     569 |       0 |   0.0 |      14 |       0 |   0.0
        D:7 |     564 |     653 |  53.7 |      14 |       9 |  39.1
        D:8 |     465 |     378 |  44.8 |      14 |       1 |   6.7
            +---------+---------+-------+---------+---------+-------

Levels and vault maps discovered:
D:1:      sevenhm_arrival_forest_fort_small_3, layout_basic,
          chequers_serial_rivers_large_a, st_stairs_3, minmay_misc_feat_hallway
D:2:      layout_basic, grunt_temple_overflow_open, uniq_sigmund
D:3:      layout_rooms, lemuel_zombie_altar_kikubaaqudgha
D:4:      layout_loops_ring, gammafunk_ghost_cemetery
D:5:      layout_gridville, led_sif_book, nemelex_xobeh_ov_fountains_minmay,
          first_ration
D:6:      layout_rooms, minmay_temple_entry_trees, serial_shops, shop,
          nicolae_zen_rock_garden
D:7:      minmay_octagon_keep, layout_basic, lemuel_coloured_pillars_altar,
          serial_shops, shop_fountains
D:8:      gammafunk_jiyva_shrine, layout_gridville, lemuel_crystal_altar,
          cheibrodos_ashenzari_chains, david_lair_shrubbed
